 Dungeon Crawl Stone Soup version 0.29.0-10-g45618ea6d2 (webtiles) character file.

Game seed: 517295016525656856

204 Iusername the Poker (level 5, -3/40 HPs)
             Began as a Merfolk Gladiator on Sept 1, 2022.
             Slain by an orc
             ... wielding a +3 war axe of electrocution
              (6 damage)
             ... on level 4 of the Dungeon.
             The game lasted 00:06:54 (4218 turns).

Iusername the Poker (Merfolk Gladiator)             Turns: 4218, Time: 00:06:55

Health: -3/40      AC: 12    Str: 22    XL:     5   Next: 82%
Magic:  5/5        EV:  8    Int:  7    God:
Gold:   112        SH:  0    Dex: 16    Spells: 4/4 levels left

rFire   . . .      SeeInvis .   a - +0 trident
rCold   . . .      Faith    .   (no shield)
rNeg    . . .      Spirit   .   u - +0 plate armour
rPois   .          Reflect  .   c - +0 helmet
rElec   .          Harm     .   b - +0 cloak
rCorr   .          Rampage  .   (no gloves)
Will    .....                   (no boots)
Stlth   ..........              (no amulet)
HPRegen 0.13/turn               s - +6 ring of strength
MPRegen 0.09/turn               (no ring)

@: attractive
A: (nimble swimmer 2), mertail
a: no special abilities


You were on level 4 of the Dungeon.
You visited 2 branches of the dungeon, and saw 5 of its levels.

You collected 112 gold pieces.

Inventory:

Hand Weapons
 a - a +0 trident (weapon)
Missiles
 d - 3 throwing nets (quivered)
 e - a javelin
Armour
 b - a +0 cloak (worn)
 c - a +0 helmet (worn)
 j - a +0 ring mail
 u - a +0 plate armour (worn)
Jewellery
 s - a +6 ring of strength (left hand)
Wands
 n - a wand of flame (13)
Scrolls
 f - 7 scrolls of identify {unknown}
 h - 3 scrolls of blinking {unknown}
 i - 3 scrolls of butterflies {unknown}
 k - a scroll of enchant weapon {unknown}
 m - a scroll of noise {unknown}
 p - a scroll of vulnerability {unknown}
 q - a scroll of summoning {unknown}
 r - a scroll of enchant armour {unknown}
 t - a scroll of immolation {unknown}
Potions
 g - a potion of mutation {unknown}
 l - a potion of attraction
 o - a potion of haste {unknown}


   Skills:
 + Level 2.8 Fighting
 + Level 7.0 Polearms
 + Level 2.1 Throwing
 + Level 1.0 Armour
 + Level 4.9 Dodging
 + Level 0.5 Stealth


You had 4 spell levels left.
You didn't know any spells.
Your spell library contained the following spells:

 Spells                   Type           Power      Damage    Failure   Level
 Ensorcelled Hibernation  Hex/Ice        0%         N/A       100%        2
 Dazzling Flash           Conj/Hex       0%         N/A       100%        3
 Spider Form              Tmut/Pois      0%         N/A       100%        3
 Anguish                  Hex/Necr       0%         N/A       100%        4
 Iskenderun's Mystic Bla  Conj/Tloc      0%         2d3       100%        4
 Starburst                Conj/Fire      0%         6d3       100%        6


Dungeon Overview and Level Annotations

Branches:
Dungeon (4/15)             Temple (1/1) D:4

Altars:
Ashenzari
Cheibriados
Elyvilon
Gozag
Kikubaaqudgha
Nemelex Xobeh
Ru
Sif Muna
Trog
Uskayaw
Xom
Zin
The Shining One
Lugonu


Innate Abilities, Weirdness & Mutations

((You are very nimble when in or above water. (Stealth+, EV+, Speed+++)))
Your lower body shifts to a powerful aquatic tail in water.


Message History

No target in view!
No target in view! 3 orcs come into view.
An orc is wielding a +3 war axe of electrocution.
The orc shouts! x2; You hear a shout!
The orc moves out of view.
Things that are here:
a +0 club; a book of Party Tricks
There are monsters nearby!
An orc comes into view.
It is wielding a +0 hand axe and wearing a +1 leather armour of willpower.
You start removing your armour.
You continue taking off your +0 ring mail. x2
The orc barely misses you.
You continue taking off your +0 ring mail. x2
The orc hits you with a +0 falchion. The orc hits you but does no damage.
You finish taking off your +0 ring mail.
The orc closely misses you. The orc misses you.
You start putting on your armour.
You continue putting on your +0 plate armour.
The orc barely misses you.
The orc hits you with a +3 war axe of electrocution.
Keep equipping yourself?
You continue putting on your +0 plate armour.
The orc closely misses you.
You continue putting on your +0 plate armour.
The orc misses you.
The orc hits you with a +3 war axe of electrocution!
The orc hits you with a +0 morningstar!
* * * LOW HITPOINT WARNING * * *
You continue putting on your +0 plate armour.
The orc misses you.
The orc hits you with a +3 war axe of electrocution!
* * * LOW HITPOINT WARNING * * *
The orc closely misses you.
You finish putting on your +0 plate armour.
It was a potion of attraction.
You feel attractive to monsters. The orc hits you but does no damage.
The orc hits you with a +3 war axe of electrocution.
You die...

#......(........#
#######.#########.###.#
#........########.# #.#
#.#####...........# #.#
#.########..# #.## #.#
#..# #... #.# #..###..#
#.#####)# #........
......o@# #...<...#
#..####oo# ######.##
##o.. #...# ##''# #....
..♣ #.... ... #.... ..#
#...# .## ###.# #.#


You could see 4 orcs.

Vanquished Creatures
  A scorpion (D:4)
  Robin (D:2)
  4 adders
  3 gnolls (D:2)
  2 worms (D:2)
  An orc (D:4)
  10 bats
  5 endoplasms
  A giant cockroach (D:1)
  9 goblins
  6 hobgoblins
  A quokka (D:2)
  4 ball pythons
  8 frilled lizards
  7 kobolds
  6 rats
69 creatures vanquished.

Vanquished Creatures (others)
  2 plants
2 creatures vanquished.

Grand Total: 71 creatures vanquished

Notes
Turn   | Place    | Note
-------+----------+-------------------------------------------
     0 | D:1      | Iusername the Merfolk Gladiator began the quest for the
                  | Orb.
     0 | D:1      | Reached XP level 1. HP: 16/16 MP: 1/1
   143 | D:1      | Found a faded altar of an unknown god.
   314 | D:1      | Reached XP level 2. HP: 22/22 MP: 2/2
  1336 | D:2      | Reached XP level 3. HP: 28/28 MP: 3/3
  1379 | D:2      | HP: 1/28 [gnoll/+0 whip (4)]
  1385 | D:2      | Reached skill level 5 in Polearms
  1935 | D:2      | Reached XP level 4. HP: 34/34 MP: 4/4
  2318 | D:2      | Noticed Robin
  2339 | D:2      | Killed Robin
  2340 | D:2      | Reached skill level 6 in Polearms
  2888 | D:3      | Found a glowing silver altar of Zin.
  2892 | D:3      | Found a sacrificial altar of Ru.
  3433 | D:3      | Reached XP level 5. HP: 38/39 MP: 5/5
  3741 | D:4      | Found a bloodstained altar of Trog.
  3742 | D:4      | Found an opulent altar of Gozag.
  3785 | D:4      | Found a staircase to the Ecumenical Temple.
  3803 | Temple   | Entered the Ecumenical Temple
  4111 | D:4      | Reached skill level 1 in Armour
  4206 | D:4      | Reached skill level 7 in Polearms
  4218 | D:4      | Slain by an orc

Illustrated notes

Levels and vault maps discovered:
D:1:      dpeg_arrival_rooms_c, layout_loops_corners,
          dilly_ecumenical_altar_fadedgnrine, serial_bayou_pond_e
D:2:      layout_loops_ring, uniq_robin
D:3:      layout_loops_ring, minitemple, chequers_big_river,
          nicolae_figureground_pulse
D:4:      layout_loops_ring, nicolae_overflow_two_pavilions,
          minmay_temple_entry_gardened_gates, gup_sewer_entry_glass,
          kennysheep_dice, uniq_duvessa
Temple:   kb_corrupted_temple

Skill      XL: |  1  2  3  4  5 |
---------------+----------------+-----
Polearms       | 5 6 7 |  7.0
Armour         | 1 |  1.0
Fighting       | |  2.8
Throwing       | |  2.1
Dodging        | |  4.9
Stealth        | |  0.5

Action                   |  1- 3 |  4- 6 || total
-------------------------+-------+-------++-------
Melee: Trident           |    75 |   137 ||   212
Throw: Throwing net      |     1 |       ||     1
  Use: Potion            |     1 |     2 ||     3
Armor: Leather armour    |     5 |       ||     5
       Ring mail         |    18 |    32 ||    50
       Plate armour      |       |     1 ||     1
Dodge: Dodged            |    33 |    71 ||   104
